Map: [ESL] Moondance

Players

soO

  • Race: Zerg Zerg
  • Spawn Location: 12:00

Creator - Winner!

  • Race: Protoss Protoss
  • Spawn Location: 6:00

Event: DreamHack SC2 Masters 2022 Atlanta (Offline)

VOD

Have the link to the VOD?

Description

Time

  • Played on: Nov. 19, 2022, 10:18 a.m.
  • Length: 13:10

All games in this series

Show
View Real Time Build Order
Export as new Build Order

soO Zerg 

Build Orders: Hatch First 

Get SALT Encoding   

  12  0:00  Drone  
  13  0:12  Overlord  
  13  0:16  Drone  
  14  0:30  Drone x2  
  16  0:43  Drone  
  17  0:51  Hatchery  
  17  0:55  Drone  
  17  0:59  Drone  
  18  1:09  Extractor  
  17  1:14  Spawning Pool  
  17  1:17  Drone  
  17  1:20  Drone  
  18  1:29  Drone  
  19  1:38  Drone  
  20  1:49  Overlord  
  20  2:00  Queen  
  22  2:03  Queen  
  22  2:05  Zergling x4  
  26  2:11  Drone  
  26  2:13  Metabolic Boost  
  27  2:17  Drone  
  27  2:21  Drone  
  29  2:26  Drone  
  30  2:32  Drone  
  31  2:37  Drone  
  31  2:43  Hatchery  
  31  2:48  Queen  
  33  2:51  Spore Crawler  
  33  2:58  Overlord  
  33  2:59  Drone x2  
  33  3:02  Drone  
  36  3:16  Queen  
  36  3:17  Drone, Overlord  
  36  3:18  Drone  
  36  3:19  Drone  
  41  3:23  Drone x2  
  41  3:26  Drone  
  44  3:29  Overlord  
  44  3:36  Drone x3  
  44  3:40  Queen  
  49  3:43  Drone  
  49  3:44  Drone  
  51  3:55  Zergling x8  
  55  3:59  Roach Warren  
  55  4:01  Queen  
  56  4:09  Zergling x10  
  61  4:12  Overlord  
  61  4:14  Drone  
  61  4:16  Extractor  
  62  4:17  Drone  
  62  4:20  Overlord  
  62  4:27  Overlord  
  62  4:29  Overlord  
  62  4:36  Overlord  
  62  4:39  Roach x4  
  62  4:40  Zergling x2  
  71  4:52  Spore Crawler  
  70  4:54  Zergling x2, Roach x4  
  78  5:09  Zergling x20  
  77  5:19  Roach  
  70  5:30  Spore Crawler, Ravager  
  70  5:31  Drone x2  
  70  5:32  Drone  
  73  5:36  Roach x3, Ravager  
  80  5:48  Drone  
  80  5:49  Drone x3  
  84  5:50  Lair, Drone  
  84  5:56  Drone x3  
  88  5:57  Drone  
  88  5:59  Drone  
  88  6:02  Drone  
  90  6:05  Drone  
  90  6:06  Drone x2  
  90  6:07  Drone  
  90  6:09  Drone  
  95  6:13  Overlord  
  95  6:16  Overlord  
  96  6:25  Drone x2  
  96  6:26  Drone x3  
  96  6:28  Drone  
  96  6:29  Extractor x2  
  99  6:33  Drone  
  99  6:39  Drone x6  
  106  6:43  Evolution Chamber  
  105  6:49  Glial Reconstitution  
  105  6:50  Overseer  
  105  6:51  Roach x6  
  117  6:57  Extractor x2  
  115  7:01  Overseer  
  115  7:07  Hatchery, Ravager  
  115  7:08  Zergling x10, Roach  
  121  7:16  Zergling x2  
  121  7:19  Overlord  
  115  7:32  Roach x4  
  118  7:43  Roach x3  
  121  7:45  Roach  
  121  7:46  Roach x5  
  121  7:49  Zergling x4, Roach x3  
  120  7:53  Roach  
  107  7:59  Roach  
  107  8:01  Zergling x4  
  107  8:03  Zergling x4  
  103  8:07  Zergling x2  
  103  8:08  Zergling x2  
  103  8:10  Zergling x2  
  84  8:14  Zergling x4  
  84  8:17  Zergling x2  
  72  8:21  Zergling x2  
  72  8:24  Zergling x2  
  69  8:33  Drone x2  
  63  8:44  Drone x2  
  65  8:49  Drone  
  66  9:00  Drone x4  
  70  9:05  Drone  
  70  9:07  Ravager  
  72  9:10  Drone x2  
  72  9:14  Drone  
  75  9:18  Zerg Missile Weapons Level 1  
  75  9:24  Drone x2  
  77  9:27  Drone x2  
  77  9:29  Drone  
  80  9:32  Drone  
  80  9:33  Ravager  
  80  9:34  Drone  
  80  9:36  Drone  
  85  9:38  Drone  
  85  9:39  Drone  
  85  9:42  Drone  
  85  9:44  Drone  
  88  9:51  Ravager x2  
  88  9:52  Roach x2  
  93  9:53  Zergling x4  
  93  9:54  Drone  
  93  9:58  Roach  
  98  10:00  Zergling x4  
  100  10:08  Zergling x10, Roach  
  100  10:10  Overlord  
  100  10:13  Overlord  
  95  10:23  Drone x3  
  95  10:24  Drone x3  
  95  10:26  Ravager  
  102  10:29  Zergling x4  
  102  10:31  Zergling x10  
  102  10:40  Zergling x10  
  100  10:47  Drone  
  100  10:48  Drone x3  
  101  10:58  Drone x6  
  101  10:59  Drone  
  101  11:02  Infestation Pit  
  107  11:06  Roach  
  107  11:10  Roach x3  
  107  11:11  Overlord  
  115  11:13  Overlord  
  115  11:17  Roach  
  115  11:18  Roach x3  
  123  11:21  Overlord  
  123  11:24  Roach x2  
  127  11:29  Queen  
  126  11:33  Roach  
  126  11:34  Roach x3  
  126  11:38  Roach x3  
  140  11:42  Overlord  
  140  11:46  Roach x4  
  148  11:47  Zergling x4  
  148  11:52  Ravager  
  148  11:54  Overlord  
  151  11:56  Overlord x2  
  151  11:59  Overlord  
  151  12:02  Roach  
  151  12:03  Roach x2  
  155  12:21  Zergling x4, Roach x7  
  164  12:26  Roach  
  164  12:27  Roach x2  
  143  12:30  Roach  
  143  12:34  Roach x3  
  126  12:37  Zergling x2  
  126  12:41  Zergling x6, Roach  
  126  12:43  Ravager  
  126  12:45  Zergling x4, Roach  
  126  12:48  Roach  
  126  12:51  Roach x2  
Show
View Real Time Build Order
Export as new Build Order

Creator Protoss - Winner!

Build Orders: 1 Gate Expand, Mass Adepts 

Get SALT Encoding   

  12  0:02  Probe  
  13  0:13  Pylon  
  13  0:17  Probe (Chrono Boost)  
  14  0:27  Probe (Chrono Boost)  
  15  0:32  Probe (Chrono Boost)  
  16  0:39  Gateway  
  16  0:43  Probe  
  16  0:47  Assimilator  
  17  0:55  Probe  
  18  1:08  Probe  
  19  1:20  Probe  
  20  1:26  Nexus  
  20  1:34  Cybernetics Core  
  20  1:38  Probe  
  21  1:43  Assimilator  
  21  1:50  Probe  
  21  1:53  Pylon  
  22  2:02  Probe  
  23  2:09  Adept (Chrono Boost)  
  23  2:14  Probe  
  26  2:19  Twilight Council  
  26  2:21  Warp Gate  
  26  2:26  Probe  
  27  2:32  Stalker  
  29  2:38  Probe (Chrono Boost), Pylon  
  29  2:41  Probe (Chrono Boost)  
  31  2:49  Probe (Chrono Boost)  
  31  2:51  Probe (Chrono Boost)  
  33  2:54  Probe (Chrono Boost)  
  33  2:56  Probe (Chrono Boost)  
  35  3:00  Robotics Facility  
  35  3:04  Probe  
  36  3:08  Probe  
  36  3:09  Resonating Glaives (Chrono Boost)  
  37  3:14  Gateway  
  37  3:17  Adept  
  39  3:21  Probe  
  39  3:23  Probe  
  41  3:31  Gateway  
  41  3:35  Gateway  
  41  3:36  Probe x2  
  43  3:42  Pylon  
  43  3:45  Warp Prism (Chrono Boost)  
  43  3:52  Probe  
  43  3:54  Pylon  
  46  4:00  Probe, Assimilator  
  47  4:04  Probe  
  47  4:09  Adept x2  
  52  4:14  Observer  
  54  4:17  Probe  
  55  4:27  Pylon  
  55  4:29  Adept  
  55  4:30  Adept x3  
  63  4:50  Adept x4, Pylon  
  66  5:10  Adept  
  66  5:11  Adept x3  
  66  5:13  Nexus  
  67  5:14  Probe x2  
  66  5:26  Immortal (Chrono Boost)  
  69  5:28  Probe x2  
  70  5:40  Pylon  
  70  5:41  Probe x2, Pylon  
  72  5:43  Adept  
  72  5:44  Adept  
  76  5:53  Probe x2  
  76  5:55  Immortal (Chrono Boost)  
  78  6:00  Pylon  
  78  6:01  Adept  
  84  6:06  Adept  
  84  6:09  Adept x2  
  90  6:12  Pylon  
  90  6:17  Probe x2  
  92  6:22  Adept  
  94  6:26  Probe  
  94  6:27  Adept  
  94  6:30  Adept x2  
  101  6:36  Gateway  
  101  6:37  Gateway  
  101  6:55  Adept x3, Blink  
  101  6:56  Adept  
  101  6:58  Pylon  
  101  7:01  Probe x3  
  111  7:04  Pylon  
  112  7:09  Pylon  
  112  7:10  Pylon  
  112  7:18  Adept x3  
  112  7:19  Adept  
  114  7:31  Adept x2  
  114  7:40  Adept x4  
  120  7:45  Probe x3  
  113  7:51  Adept  
  113  7:52  Adept  
  113  7:53  Immortal  
  113  8:02  Adept x4  
  113  8:04  Probe x2  
  113  8:05  Probe  
  114  8:12  Adept x2  
  105  8:16  Probe x2  
  105  8:17  Probe  
  98  8:25  Stalker x4  
  94  8:33  Shield Battery  
  88  8:34  Shield Battery  
  88  8:35  Shield Battery  
  88  8:36  Pylon  
  88  8:39  Stalker x2  
  88  8:41  Forge  
  88  8:42  Robotics Bay  
  88  8:44  Assimilator  
  88  8:46  Observer  
  89  8:50  Adept, Sentry  
  89  8:53  Assimilator  
  93  8:57  Stalker  
  93  8:58  Stalker  
  93  9:02  Gateway  
  97  9:09  Stalker x2  
  101  9:12  Nexus  
  101  9:13  Protoss Ground Weapons Level 1 (Chrono Boost)  
  101  9:25  Stalker x2  
  105  9:34  Stalker  
  105  9:35  Nexus  
  107  9:41  Zealot  
  107  9:43  Stalker x2  
  113  9:48  Probe x2  
  113  9:49  Probe  
  113  9:51  Colossus (Chrono Boost)  
  116  9:57  Zealot  
  116  9:58  Zealot  
  116  9:59  Zealot x2  
  130  10:03  Probe x3  
  132  10:07  Stalker x3  
  132  10:20  Stalker  
  126  10:22  Phoenix  
  126  10:23  Stalker  
  126  10:26  Nexus, Stalker  
  126  10:27  Stalker  
  126  10:28  Colossus (Chrono Boost)  
  132  10:29  Probe x3  
  141  10:37  Extended Thermal Lance  
  141  10:41  Probe x2  
  141  10:42  Probe  
  140  10:46  Stalker x3  
  146  10:51  Photon Cannon  
  146  11:10  Colossus (Chrono Boost)  
  146  11:15  Zealot x2, Pylon  
  156  11:20  Charge  
  156  11:37  Shield Battery, Photon Cannon  
  156  11:38  Sentry  
  158  11:40  Zealot x3  
  158  11:41  Zealot  
  158  11:44  Stalker  
  158  11:45  Stalker  
  170  11:47  Gateway  
  170  11:53  Pylon  
  170  11:55  Pylon  
  170  11:57  Colossus (Chrono Boost)  
  170  12:00  Zealot  
  170  12:01  Zealot  
  180  12:04  Stalker  
  182  12:09  Stalker  
  144  12:40  Stalker x7  
  154  12:46  Pylon  
  155  12:51  Stalker  
  155  13:05  Stalker x5  
  151  13:06  Stalker  
  151  13:08  Zealot  
Tags
 
Add a new tag
Caveats
  • Supply blocks, unpowered buildings, or Contaminate may cause inaccurate times.
  • Supply counts are checked every 10 seconds.